Description

This build is based on a third quick Nexus to make upgrades with a double forje. To protect this 3th base you have to do a stalkerblink presure. Attempts to delay the third expansion of the Terran as possible with yout prism and stalkers.Add immortals depending on the number of tanks or marauder rival. and 4 sentry or 5 to Force field and gardian shield.

Replay - Standard safe PvT State

Build Order

Get SALT Encoding   

  12  0:01  Probe (Chrono Boost)  
  13  0:12  Probe (Chrono Boost)  
  14  0:18  Pylon  
  14  0:22  Probe (Chrono Boost)  
  15  0:36  Probe (Chrono Boost)  
  15  0:37  Gateway  
  16  0:43  Assimilator  
  16  0:47  Probe (Chrono Boost)  
  17  0:58  Probe (Chrono Boost)  
  18  1:08  Probe (Chrono Boost)  
  19  1:20  Nexus  
  19  1:23  Probe (Chrono Boost)  
  20  1:34  Cybernetics Core  
  20  1:36  Probe (Chrono Boost)  
  21  1:41  Assimilator  
  21  1:47  Probe (Chrono Boost)  
  21  1:52  Pylon  
  22  1:57  Probe (Chrono Boost)  
  23  2:04  Warp Gate  
  23  2:09  Stalker  
  23  2:11  Probe (Chrono Boost)  
  26  2:22  Probe (Chrono Boost)  
  27  2:27  Robotics Facility  
  27  2:32  Probe x2 (Chrono Boost)  
  29  2:39  Stalker  
  29  2:42  Probe (Chrono Boost)  
  32  2:44  Probe (Chrono Boost)  
  33  2:53  Probe (Chrono Boost)  
  33  2:55  Probe (Chrono Boost)  
  35  3:03  Probe (Chrono Boost)  
  36  3:06  Probe (Chrono Boost)  
  36  3:10  Warp Prism  
  39  3:15  Probe (Chrono Boost)  
  39  3:19  Probe (Chrono Boost)  
  41  3:23  Gateway  
  41  3:25  Gateway  
  42  3:28  Probe (Chrono Boost)  
  42  3:32  Pylon  
  44  3:36  Mothership Core (Chrono Boost)  
  44  3:40  Probe (Chrono Boost), Pylon  
  45  3:46  Observer  
  45  3:48  Assimilator  
  45  3:52  Probe (Chrono Boost)  
  45  3:53  Twilight Council  
  45  3:55  Probe (Chrono Boost)  
  48  4:04  Probe (Chrono Boost)  
  48  4:06  Probe (Chrono Boost)  
  48  4:08  Stalker  
  52  4:16  Probe x2 (Chrono Boost)  
  54  4:20  Observer  
  54  4:22  Pylon  
  55  4:28  Stalker  
  55  4:29  Probe (Chrono Boost), Adept  
  55  4:30  Probe (Chrono Boost)  
  61  4:40  Probe (Chrono Boost)  
  61  4:41  Probe (Chrono Boost)  
  63  4:49  Immortal  
  61  4:53  Blink  
  61  4:54  Probe (Chrono Boost)  
  61  4:56  Probe (Chrono Boost)  
  67  5:00  Stalker  
  69  5:09  Nexus  
  69  5:11  Probe (Chrono Boost), Pylon  
  69  5:14  Pylon  
  70  5:22  Assimilator  
  70  5:25  Immortal  
  70  5:32  Probe (Chrono Boost)  
  70  5:34  Probe (Chrono Boost)  
  76  5:37  Gateway  
  76  5:38  Gateway  
  76  5:39  Forge  
  76  5:41  Forge  
  76  5:42  Pylon  
  76  5:43  Probe (Chrono Boost)  
  76  5:48  Probe (Chrono Boost), Sentry x3  
  84  5:54  Probe (Chrono Boost)  
  85  5:59  Gateway  
  85  6:00  Probe (Chrono Boost)  
  85  6:01  Gateway  
  85  6:02  Observer  
  86  6:06  Probe (Chrono Boost)  
  86  6:10  Protoss Ground Armor Level 1, Protoss Ground Weapons Level 1  
  89  6:12  Probe (Chrono Boost)  
  89  6:17  Stalker x2  
  89  6:18  Probe (Chrono Boost)  
  94  6:24  Probe (Chrono Boost)  
  95  6:28  Probe (Chrono Boost)  
  95  6:30  Probe (Chrono Boost)  
  97  6:34  Assimilator  
  97  6:38  Probe (Chrono Boost)  
  97  6:39  Probe (Chrono Boost), Immortal, Assimilator  
  99  6:41  Pylon  
  99  6:46  Pylon  
  103  6:52  Probe x2 (Chrono Boost)  
  103  6:53  Probe (Chrono Boost)  
  106  6:56  Pylon  
  106  6:57  Resonating Glaives  
  106  7:08  Stalker x4  
  108  7:10  Stalker  
  108  7:15  Adept x2  
  119  7:16  Observer  
  120  7:33  Adept x5  
  130  7:38  Pylon  
  130  7:40  Pylon  
  130  7:43  Pylon  
  130  7:45  Pylon  
  130  7:47  Templar Archives, Pylon  
  130  7:48  Gateway  
  130  7:51  Immortal  
  134  8:00  Nexus  
  134  8:02  Pylon  
  134  8:06  Adept x4  
  134  8:07  Protoss Ground Armor Level 2  
  142  8:14  Protoss Ground Weapons Level 2  
  134  8:21  Pylon  
  134  8:25  Warp Prism, Pylon  
  132  8:34  Psionic Storm  
  134  8:39  High Templar x2  
  134  8:40  Adept x5  
  148  8:49  Pylon  
  146  8:58  Stalker  
  148  9:06  Gateway  
  148  9:07  Gateway  
  148  9:15  High Templar x2, Adept x3  
  148  9:16  Adept x2  
  162  9:18  Warp Prism  
  162  9:22  Probe x3 (Chrono Boost)  
  162  9:23  Probe (Chrono Boost)  
  168  9:30  Pylon  
  166  9:32  Probe (Chrono Boost), Pylon  
  166  9:34  Probe x2 (Chrono Boost)  
  169  9:52  Stalker x5  
  173  9:53  Stalker x3  
  173  9:56  Probe (Chrono Boost)  
  186  10:16  Assimilator x2  
  186  10:18  Immortal  
  186  10:21  Gateway, Stargate  
  186  10:22  Gateway, Protoss Air Weapons Level 1  
  186  10:23  Gateway  
  186  10:24  Adept x3  
  186  10:26  Gateway, Adept  
  186  10:28  High Templar  
  200  10:29  Pylon  
  150  11:13  Immortal  
  150  11:20  Adept x2  
  150  11:21  Adept x8  
  168  11:38  Archon x2  
  164  11:40  Protoss Ground Armor Level 3  
  164  11:42  Protoss Ground Weapons Level 3  
  148  11:48  Immortal  
  148  11:52  Stalker x8  
  148  11:53  Stalker x2, Void Ray  
  159  12:06  Fleet Beacon  
  159  12:17  Nexus  
  159  12:19  Assimilator  
  159  12:24  Assimilator  
  159  12:25  Pylon  
  159  12:27  Pylon  
  159  12:29  Pylon, Adept x5  
  169  12:30  Adept x3  
  169  12:32  High Templar x3  
  169  12:36  Probe (Chrono Boost)  
  180  12:55  Observer  
  173  13:16  Immortal  
  169  13:25  Adept  
  169  13:26  Adept x13  
  193  13:29  Probe (Chrono Boost)  
  194  13:38  Stargate  
  194  13:40  Stargate  
  181  13:57  Immortal  
  181  14:01  Probe (Chrono Boost), Photon Cannon  
  192  14:04  Protoss Shields Level 1, Photon Cannon  
  192  14:06  Photon Cannon  
  192  14:07  Probe x2 (Chrono Boost)  
  192  14:09  Photon Cannon  
  194  14:12  Protoss Air Weapons Level 2  
  194  14:22  Adept x3  
  194  14:23  Probe (Chrono Boost)  
  198  14:40  Nexus  
  198  14:42  Assimilator  
  198  14:46  Assimilator  
  198  14:51  Pylon  
  194  14:55  Pylon  
  174  15:02  Tempest x3  
  174  15:03  Observer  
  185  15:07  High Templar x2  
  185  15:08  High Templar  
  185  15:13  High Templar  
  185  15:14  High Templar x2  
  195  15:16  Probe (Chrono Boost)  
  192  15:32  Stalker, Pylon  
  192  15:33  Stalker x4  
  196  15:45  Oracle  
  198  15:55  Photon Cannon  
  198  15:56  Photon Cannon  
  198  16:02  Nexus  
  178  16:12  Tempest x2  
  178  16:15  Immortal  
  180  16:20  Tempest  
  184  16:48  Adept x3  
  184  16:49  Adept x5  
  184  16:53  Oracle, Protoss Air Weapons Level 3  
  200  16:54  Protoss Shields Level 2  
  200  17:03  Pylon  
  200  17:04  Pylon x2  
  200  17:11  Robotics Facility  
  200  17:14  Robotics Bay  
  200  17:15  Robotics Facility  
  200  17:22  Assimilator  
  200  17:24  Assimilator  
  200  17:26  Photon Cannon x2  
  200  17:29  Photon Cannon  
  200  17:31  Photon Cannon  
  184  17:57  Adept x11  
  184  17:58  Warp Prism, Adept x2  
  200  18:00  Tempest  
  200  18:05  Tempest  
  196  18:09  Pylon  
  196  18:37  Tempest  
  196  19:16  Pylon  
  196  19:17  Pylon  
  196  19:20  Protoss Shields Level 3  
  196  19:27  Protoss Air Armor Level 1  
  196  19:39  Tempest  
  196  19:43  Graviton Catapult  
  200  19:51  Observer Gravitic Boosters  
  194  20:21  Tempest  
  153  20:24  Stalker  
  153  20:25  Stalker x9  
  153  20:26  Stalker, Tempest  
  142  20:32  Immortal x3, Tempest  
  142  20:35  Adept x2  
  154  20:48  Extended Thermal Lance  
  152  20:50  Adept x8  
  152  20:51  Adept x4  
  168  20:58  Tempest  
  172  21:10  Tempest  
  176  21:12  Adept x6  
  176  21:13  Adept x5  
  186  21:21  Colossus x3  
  196  21:32  Stalker x7  
  184  21:35  Stalker x3  
  184  21:37  Adept x3  
  170  21:41  Adept  
  160  22:05  Tempest  
  160  22:06  High Templar  
  160  22:07  High Templar x4  
  160  22:08  High Templar x2  
  172  22:09  Sentry  
  172  22:11  Tempest x2  
  172  22:14  Mothership Core (Chrono Boost)  
  172  22:15  Protoss Air Armor Level 2  
  190  22:17  Pylon  
  190  22:18  Pylon  
  190  22:29  Disruptor x3  
  199  22:41  Nexus  
Spawning Tool Build Advisor. Get it on Overwolf

Analysis

it is important to get a observer or 2 before you start creating immortal to prevent widowmines. The basic composition are adept stalker and immortal sentry with upgrades. Add storm and HT for the splash damage and any archgon. After storms can transitioning to another splash damage unit as disruptor or colossus. If the terrain uses much liberator you can do 1 void to defende the bases. In late game tempest or carriers are good idea.

Go to:

Details

  • Created by: Zeruell
  • Published on: Sep 23, 2016
  • Modified on: Sep 23, 2016
  • Patch: Pre-3.8.0
Show
View Real Time Build Order
Export as new Build Order

Comments (0)

There are no comments. Be the first!

Create an account to comment!